 Dungeon Crawl Stone Soup version 0.32-a0-871-ge202e49faa (webtiles) character file.

Game seed: 11868155265744554756

44 Autsider the Ruffian (level 3, -4/29 HPs)
             Began as a Draconian Shapeshifter on Mar 30, 2024.
             Slain by an ogre
             ... wielding a +0 giant club
              (18 damage)
             ... on level 2 of the Dungeon.
             The game lasted 00:03:43 (1080 turns).

Autsider the Ruffian (Draconian Shapeshifter)       Turns: 1080, Time: 00:03:43

Health: -4/29      AC:  5    Str: 16    XL:     3   Next: 39%
Magic:  3/3        EV: 11    Int: 12    God:
Gold:   102        SH:  0    Dex: 10    Spells: 2/2 levels left

rFire   . .          .
                       - Unarmed
rCold   . . .        (no shield)
rNeg    . . .        (body armour unavailable)
rPois   .            (helmet currently unavailable)
rElec   .            (cloak currently unavailable)
rCorr   .            (gloves currently unavailable)
SInv    .            (boots currently unavailable)
Will    .....        (no amulet)
Stlth   +            (no ring)
HPRegen 0.24/turn    (no ring)
MPRegen 0.08/turn

%: no passive effects
@: beast-form, studying Long Blades
A: beast (slay +1), AC +5, unfitting armour, cold-blooded
a: Begin Untransformation


You were on level 2 of the Dungeon.
You were a hulking beast.
You visited 1 branch of the dungeon, and saw 2 of its levels.

You collected 102 gold pieces.

Inventory:

Armour
 m - a +0 cloak
 o - a +0 kite shield
Jewellery
 j - a +6 ring of intelligence
Talismans
 b - a beast talisman (active)
 c - a flux talisman
Scrolls
 d - a scroll of noise {unknown}
 e - a scroll of revelation {unknown}
 f - a scroll of amnesia {unknown}
 g - a scroll of vulnerability {unknown}
 k - a scroll of teleportation {unknown}
 l - a scroll of enchant weapon {unknown}
 n - a scroll of identify {unknown}
Potions
 a - a potion of lignification
 h - a potion of cancellation {unknown}
 i - 2 potions of curing {unknown}


   Skills:
 + Level 2.3 Fighting
 - Level 1.7 Dodging
 + Level 3.5 Unarmed Combat
 + Level 3.4 Shapeshifting


You had 2 spell levels left.
You didn't know any spells.
Your spell library was empty.

Dungeon Overview and Level Annotations

Branches:
Dungeon (2/15)

Altars:

Shops:
D:2 (


Innate Abilities, Weirdness & Mutations

You are a hulking beast.
Your limbs bulge with bestial killing power. (Slay +1)
Your plain brown scales are hard. (AC +5)
You cannot fit into any form of body armour.
You are cold-blooded and may be slowed by cold attacks.


Message History

You hit the endoplasm.
You kill the endoplasm!
No target in view!
No target in view!
No target in view!
No target in view!
No target in view!
No target in view!
No target in view!
No target in view!
Found a stone staircase leading down.
There is a stone staircase leading down here.
Found a kite shield.
Found a dagger.
Found 13 gold pieces, a cloak and a scroll labelled AJEMEYWYTE.
You see here a +0 cloak.
m - a +0 cloak
n - a scroll labelled AJEMEYWYTE You now have 90 gold pieces (gained 13).
Found 12 gold pieces.
You see here a +0 kite shield.
o - a +0 kite shield You see here a +0 dagger.
You now have 102 gold pieces (gained 12).
There is a stone staircase leading down here.
An ogre comes into view. It is wielding a +0 giant club.
The ogre shouts!
Okay, then.
You punch the ogre! You punch the ogre.
The ogre is moderately wounded.
You punch the ogre!
The ogre is heavily wounded.
The ogre hits you with a +0 giant club!
Ouch! That really hurt!
* * * LOW HITPOINT WARNING * * *
You punch the ogre!
The ogre is almost dead.
The ogre hits you with a +0 giant club!!
Ouch! That really hurt!
You die...

####### ##.# #........# ##..# #
#........# #..## ######
#........# #.## .....##
#........# #.# ######## ####..##
#........###.# #.......
...##..####............###.######
...###...##..................#
...#####.##....Oh..#.........#
.........########.##.........# #
.........## #.##.........# #
.#........# #.##....)....####
.#......#.... ..##.............
....†......... ####.........####
....[...###### #.........#
........# #.........# ..#######
###########


You could see an ogre.

Vanquished Creatures
  A ribbon worm (D:2)
  2 dart slugs (D:1)
  4 ball pythons (D:1)
  A bat (D:1)
  5 endoplasms
  A giant cockroach (D:1)
  4 hobgoblins
  3 jackals (D:2)
  A quokka (D:2)
  5 goblins
  3 kobolds
  A rat (D:1)
31 creatures vanquished.

Notes
Turn   | Place    | Note
-------+----------+-------------------------------------------
     0 | D:1      | Autsider the Draconian Shapeshifter began the quest for the
                  | Orb.
     0 | D:1      | Reached XP level 1. HP: 16/16 MP: 1/1
   178 | D:1      | Reached XP level 2. HP: 23/23 MP: 2/2
   626 | D:2      | Found Hutuk's Weapon Boutique.
   627 | D:2      | Noticed a +0 demon trident
   629 | D:2      | Noticed a +0 lajatang
   667 | D:2      | Reached XP level 3. HP: 27/29 MP: 3/3
  1074 | D:2      | Noticed an ogre
  1080 | D:2      | Slain by an ogre

Illustrated notes

Levels and vault maps discovered:
D:1:      moated_graveyard_arrival, layout_basic, grunt_decor_cap,
          minmay_pentomino_v2
D:2:      layout_basic, serial_shops, nicolae_shop_mannequins,
          guppyfry_early_lair_pool

Skill      XL: |  1  2 |
---------------+-------+-----
Fighting       | 2 |  2.3
Dodging        | |  1.7
Unarmed Combat | |  3.5
Shapeshifting  | |  3.4

Action                     || total
---------------------------++-------
  Melee: Unarmed           ||    66
         Tailslap          ||     7
         Punch             ||     2
   Stab: Sleeping          ||     1
 Armour: Skin              ||    30
  Dodge: Dodged            ||    36

Table legend: (Time is in decaauts)
 A = Elapsed time spent in this place.
 B = Non-inter-level travel time spent in this place.
 C = Inter-level travel time spent in this place.
 D = Time resting spent in this place.
 E = Time spent auto-exploring this place.
 F = Levels seen in this place.
 G = Mean time per level.
                   A        B        C        D        E       F      G
               +--------+--------+--------+--------+--------+-----+--------+
         Total |   1077 |   1022 |     55 |      0 |    834 |   2 |  538.5 |
       Dungeon |   1077 |   1022 |     55 |      0 |    834 |   2 |  538.5 |
               +--------+--------+--------+--------+--------+-----+--------+

Top non-repeatable levels by time:
     D:1: 567 daAuts
     D:2: 510 daAuts
